 Dungeon Sprint DCSS version 0.31-a0-1370-gf52a5a9ab3 (webtiles) character file.

Game seed: 3256462334380409615

408 Sonofthefire the Covert (level 6, -1/54 HPs)
             Began as an Octopode Shapeshifter on Dec 24, 2023.
             Was an Initiate of Qazlal.
             Slain by a vampire (9 damage)
             ... in the Dungeon (Sprint IX: "|||||||||||||||||||||||||||||").
             The game lasted 00:01:49 (178 turns).

Sonofthefire the Covert (Octopode Shapeshifter)      Turns: 178, Time: 00:01:49

Health: -1/54      AC:  1    Str: 19    XL:     6   Next: 88%
Magic:  6/6        EV: 15    Int: 12    God:    Qazlal [......]
Gold:   0          SH:  0    Dex: 11    Spells: 5/5 levels left

rFire   . .          .
                       - Unarmed
rCold   . . .        (no shield)
rNeg    . . .        (helmet currently unavailable)
rPois   .            (no amulet)
rElec   .            l - +3 ring of strength
rCorr   .            m - +2 ring of evasion
SInv    .            (no ring)
Will    .....        (no ring)
Stlth   ++++++       (no ring)
HPRegen 0.29/turn    (no ring)
MPRegen 0.10/turn    (no ring)
                     (no ring)

%: no teleportation
@: beast-form
A: beast (slay +1), almost no armour, amphibious, 8 rings, camouflage 1,
gelatinous body 1, (nimble swimmer 1), tentacles
a: Begin Untransformation, Renounce Religion


You were in the Dungeon.
You worshipped Qazlal.
Qazlal was noncommittal.
You were a hulking beast.
You visited 1 branch

Inventory:

Jewellery
 l - a +3 ring of strength (left tentacle)
 m - a +2 ring of evasion (right tentacle)
Talismans
 b - a beast talisman
 c - a flux talisman
Wands
 k - a wand of light (10)
Scrolls
 i - 2 scrolls of blinking
 j - 2 scrolls of amnesia
Potions
 a - a potion of invisibility
 d - 5 potions of curing
 e - 3 potions of heal wounds
 f - a potion of haste
 g - 4 potions of magic
 h - a potion of berserk rage


   Skills:
 + Level 10.8 Fighting
 - Level 2.0 Dodging
 + Level 12.9 Stealth
 - Level 3.0 Unarmed Combat
 - Level 3.0 Shapeshifting


You had 5 spell levels left.
You didn't know any spells.
Your spell library was empty.

Dungeon Overview and Level Annotations

Branches:
Dungeon (1/1)

Altars:
Cheibriados
Dithmenos
Elyvilon
Fedhas
Gozag
Hepliaklqana
Kikubaaqudgha
Makhleb
Nemelex Xobeh
Okawaru
Qazlal
Ru
Sif Muna
Trog
Uskayaw
Vehumet
Wu Jian
Xom
Yredelemnul
Zin
The Shining One
Jiyva
Lugonu


Innate Abilities, Weirdness & Mutations

You are a hulking beast.
Your limbs bulge with bestial killing power. (Slay +1)
You cannot wear most types of armour.
You are amphibious.
You can wear up to eight rings at the same time.
Your skin changes colour to match your surroundings (Stealth+).
Your rubbery body absorbs attacks. (AC +1, EV +1)
((You are camouflaged when in or above water. (Stealth+)))
You have tentacles for arms and can constrict up to eight enemies at once.


Message History

You barely miss the kobold demonologist.
The kobold demonologist is severely wounded.
You constrict the kobold demonologist.
The kobold demonologist completely misses you.
The howler monkey hoots and howls with incredible vigour!
You hear an angry buzzing noise.
You barely miss the kobold demonologist.
The kobold demonologist is severely wounded.
You constrict the kobold demonologist.
The kobold demonologist hits you with a +0 dagger.
The howler monkey hoots and howls with incredible vigour!
You completely miss the kobold demonologist.
The kobold demonologist is severely wounded.
You constrict the kobold demonologist.
The kobold demonologist hits you with a +0 dagger.
You tentacle-slap the kobold demonologist but do no damage.
The kobold demonologist is almost dead.
You constrict the kobold demonologist.
The kobold demonologist hits you with a +0 dagger.
You completely miss the kobold demonologist.
You squeeze the kobold demonologist.
The kobold demonologist is almost dead.
You constrict the kobold demonologist!
You kill the kobold demonologist!
Qazlal accepts your kill.
Your Fighting skill gained 2 levels and is now at level 10!
Your Stealth skill gained 4 levels and is now at level 12!
You have reached level 6!
You tentacle-slap something.
The howler monkey hoots and howls with incredible vigour!
Something hits you! Something barely misses you.
You tentacle-slap something but do no damage.
The yak snorts and paws the ground.
Something barely misses you. Something bites you.
* * * LOW HITPOINT WARNING * * *
Something draws strength from your injuries!
You closely miss something. Your squeeze misses something. Something hits you!
* * * LOW HITPOINT WARNING * * *
Something bites you!
You die...

▓.▓
▓)▓
▓.▓
▓[▓
▓[▓
▓[▓
▓.▓
▓.▓
▓h▓
▓)▓
▓9▓
▓Y▓
▓h▓
▓.▓
▓.▓
▓+▓


You could see a yak, a gargoyle and a howler monkey.

Vanquished Creatures
  A kobold demonologist (D)
  A phantom (D)
  An orc wizard (D)
  An iguana (D)
  A gnoll (D)
  An ufetubus (D)
  A ball python (D)
  A bat (D)
  A giant cockroach (D)
  A jackal (D)
  A kobold (D)
  A rat (D)
12 creatures vanquished.

Notes
Turn   | Place    | Note
-------+----------+-------------------------------------------
     0 | D        | Sonofthefire the Octopode Shapeshifter began the quest for
                  | the Orb.
     0 | D        | Reached XP level 1. HP: 13/13 MP: 1/1
    27 | D        | Noticed a phantom
    27 | D        | Noticed an iguana
    30 | D        | Reached skill level 2 in Stealth
    30 | D        | Reached XP level 2. HP: 13/22 MP: 2/2
    38 | D        | Killed a phantom
    39 | D        | Reached skill level 6 in Stealth
    39 | D        | Reached XP level 3. HP: 30/31 MP: 3/3
    39 | D        | Reached XP level 4. HP: 36/36 MP: 4/4
    42 | D        | Reached skill level 7 in Stealth
    47 | D        | Reached XP level 5. HP: 43/43 MP: 5/5
   101 | D        | Found a snail-covered altar of Cheibriados.
   101 | D        | Found a shadowy altar of Dithmenos.
   101 | D        | Found a white marble altar of Elyvilon.
   101 | D        | Found a blossoming altar of Fedhas.
   101 | D        | Found an opulent altar of Gozag.
   102 | D        | Found a hazy altar of Hepliaklqana.
   103 | D        | Found a viscous altar of Jiyva.
   104 | D        | Found an ancient bone altar of Kikubaaqudgha.
   105 | D        | Found a corrupted altar of Lugonu.
   106 | D        | Found a burning altar of Makhleb.
   107 | D        | Found a sparkling altar of Nemelex Xobeh.
   108 | D        | Found an iron altar of Okawaru.
   109 | D        | Found a stormy altar of Qazlal.
   110 | D        | Found a sacrificial altar of Ru.
   111 | D        | Found a shimmering blue altar of Sif Muna.
   112 | D        | Found a bloodstained altar of Trog.
   113 | D        | Found a hide-covered altar of Uskayaw.
   114 | D        | Found a radiant altar of Vehumet.
   115 | D        | Found an ornate altar of the Wu Jian Council.
   116 | D        | Found a shimmering altar of Xom.
   117 | D        | Became a worshipper of Qazlal Stormbringer
   118 | D        | Found a basalt altar of Yredelemnul.
   119 | D        | Found a glowing silver altar of Zin.
   120 | D        | Found a glowing golden altar of the Shining One.
   158 | D        | Noticed a kobold demonologist
   158 | D        | Noticed a vampire
   158 | D        | Noticed a gargoyle
   158 | D        | Noticed a yak
   163 | D        | Reached skill level 8 in Stealth
   175 | D        | Killed a kobold demonologist
   176 | D        | Reached skill level 10 in Fighting
   176 | D        | Reached skill level 12 in Stealth
   176 | D        | Reached XP level 6. HP: 29/54 MP: 6/6
   178 | D        | Slain by a vampire

Illustrated notes

Levels and vault maps discovered:
D:        linesprint [early_d, line_temple, items_1, d_10, items_2, lair_1,
          lair_end, items_3, orc_1, orc_end, items_4, d_15, swamp_1, shoals_1,
          snake_1, spider_1, d_20, vaults_1, items_5, swamp_end, shoals_end,
          snake_end, spider_end, vaults_end, d_27, items_6, zot_1, zot_end,
          crypt_end, forest_end, elf_end, slime_end, tomb_end, abyss_end,
          pan_hell_end]

Skill      XL: |  1  2  3  4  5 |
---------------+----------------+-----
Fighting       | 4 6 7 10 | 10.8
Stealth        | 2 6 7 12 | 12.9
Dodging        | |  2.0
Unarmed Combat | |  3.0
Shapeshifting  | |  3.0

Action                     |  1- 3 |  4- 6 || total
---------------------------+-------+-------++-------
  Melee: Unarmed           |    17 |    29 ||    46
         Tentacles         |     2 |     4 ||     6
         Constrict         |     2 |     2 ||     4
    Use: Potion            |     1 |       ||     1
   Stab: Sleeping          |       |     1 ||     1
 Armour: Skin              |    10 |    18 ||    28
  Dodge: Dodged            |     7 |    10 ||    17

Table legend: (Time is in decaauts)
 A = Elapsed time spent in this place.
 B = Non-inter-level travel time spent in this place.
 C = Inter-level travel time spent in this place.
 D = Time resting spent in this place.
 E = Time spent auto-exploring this place.
 F = Levels seen in this place.
 G = Mean time per level.
                   A        B        C        D        E       F      G
               +--------+--------+--------+--------+--------+-----+--------+
         Total |    174 |    167 |      7 |     54 |      0 |   1 |  174.0 |
       Dungeon |    174 |    167 |      7 |     54 |      0 |   1 |  174.0 |
               +--------+--------+--------+--------+--------+-----+--------+

Top non-repeatable levels by time:
       D: 174 daAuts
